 Dungeon Crawl Stone Soup version 0.21-a0-258-g4c0eb85 (webtiles) character file.

2 tidbits the Ducker (level 1, -3/16 HPs)
             Began as a Demigod Wanderer on Sept 6, 2017.
             Killed from afar by a dart slug (4 damage)
             ... with a slug dart
             ... on level 1 of the Dungeon.
             The game lasted 00:00:24 (29 turns).

tidbits the Ducker (Demigod Wanderer)                 Turns: 29, Time: 00:00:24

Health: -3/16      AC:  2    Str: 15    XL:     1   Next: 26%
Magic:  3/3        EV: 13    Int: 13    God:
Gold:   0          SH:  0    Dex: 18    Spells: 0/0 levels left

rFire    . . .     SeeInvis .   a - +0 spear
rCold    . . .     Gourm    .   (no shield)
rNeg     . . .     Faith    .   d - +0 robe
rPois    .         Spirit   .   (no helmet)
rElec    .         Reflect  .   (no cloak)
rCorr    .         Harm     .   (no gloves)
MR       .....                  (no boots)
Stlth    ++........             (no amulet)
HPRegen  0.05/turn              (no ring)
MPRegen  0.08/turn              (no ring)

@: no status effects
A: high mp 1
a: no special abilities


You were on level 1 of the Dungeon.
You were not hungry.

You visited 1 branch of the dungeon, and saw 1 of its levels.

Inventory:

Hand Weapons
 a - a +0 spear (weapon)
Armour
 d - a +0 robe (worn)
Potions
 b - a potion of lignification
Miscellaneous
 c - a box of beasts
Comestibles
 f - a bread ration


   Skills:
 + Level 1.0 Fighting
   Level 1.7 Short Blades
 + Level 1.7 Polearms
 + Level 1.9 Dodging
 + Level 1.0 Stealth
   Level 1.0 Shields
 + Level 1.0 Evocations


You couldn't memorise any spells.
You didn't know any spells.

Dungeon Overview and Level Annotations

Branches:
Dungeon (1/15)


Innate Abilities, Weirdness & Mutations

You have an increased reservoir of magic. (+10% MP)


Message History

Welcome, tidbits the Demigod Wanderer.
Will you be the one to retrieve the fabulous Orb of Zot from the depths?
Press ? for a list of commands and other information.
Found two stairs.
Adjust (i)tems, (s)pells, or (a)bilities?
Adjust which item? (? for menu, Esc to quit)
c - a +0 spear (weapon)
Adjust to which letter? (? for menu, Esc to quit)
a - a +0 spear (weapon);
c - a box of beasts A goblin comes into view.
It is wielding a dagger.
The goblin shouts!
Attack whom?
Press: ? - help, Dir - move target cursor, f - goblin
Aim: a goblin, wielding a dagger You reach to attack!
You barely miss the goblin. You hit the goblin.
The goblin is severely wounded.
The goblin hits you with a dagger.
You puncture the goblin!
You kill the goblin!
You see here a dagger.
A hobgoblin comes into view. It is wielding a club.
A dart slug comes into view.
Found 15 gold pieces.
You see here a dagger.
You start resting.
Attack whom?
Press: ? - help, Dir - move target cursor, f - hobgoblin
Aim: a hobgoblin, wielding a club and wearing a runed sapphire amulet You reach to attack!
You hit the hobgoblin but do no damage. You hit the hobgoblin.
The hobgoblin is severely wounded.
The hobgoblin hits you with a club.
You barely miss the hobgoblin.
The hobgoblin is severely wounded.
The hobgoblin hits you with a club.
* * * LOW HITPOINT WARNING * * *
You closely miss the hobgoblin.
The hobgoblin is severely wounded.
The hobgoblin barely misses you.
You completely miss the hobgoblin.
The hobgoblin is severely wounded.
You hit the hobgoblin but do no damage.
The hobgoblin is severely wounded.
The hobgoblin hits you with a club.
* * * LOW HITPOINT WARNING * * *
You hit the hobgoblin.
You kill the hobgoblin!
The dart slug launches a dart at you. The slug dart misses you.
Attack whom?
Press: ? - help, Dir - move target cursor, f - dart slug
Aim: a dart slug (clinging)
You reach to attack!
You hit the dart slug.
The dart slug is lightly wounded.
The dart slug launches a dart at you. The slug dart hits you!
You die...

######
#.><.#
#....#
#....#
#....#
#§@)w#
####§#
#.########
#.........
#.........
#.........
#...g.....
#.........
#.w.......


You could see a dart slug.

Vanquished Creatures
  A goblin (D:1)
  A hobgoblin (D:1)
2 creatures vanquished.

Notes
Turn   | Place    | Note
-------+----------+-------------------------------------------
     0 | D:1      | tidbits the Demigod Wanderer began the quest for the Orb.
     0 | D:1      | tidbits set off with: a box of beasts, a potion of lignification, a +0 spear, a +0 robe, a bread ration
     0 | D:1      | Reached XP level 1. HP: 16/16 MP: 3/3
    27 | D:1      | HP: 1/16 [hobgoblin/club (4)]
    29 | D:1      | Killed from afar by a dart slug

Vault maps used:
D:1:      dpeg_arrival_fog, minmay_misc_feat_five,
          hangedman_abyss_or_decor_lesser_grid, cheibriados_altar_1

Action                   || total
-------------------------++-------
Melee: Spear             ||    11
Dodge: Dodged            ||     2

Table legend:
 A = Spawn XP
 B = Non-spawn XP
 C = Spawn XP percentage of total XP
 D = Spawn monster count
 E = Non-spawn monster count
 F = Spawn count percentage of total count
 G = Total turns spent on level
                    A         B        C        D         E        F      G
               +---------+---------+-------+---------+---------+-------+---------
         Total |       0 |       4 |   0.0 |       0 |       2 |   0.0 |    29
               +---------+---------+-------+---------+---------+-------+---------
           D:1 |       0 |       4 |   0.0 |       0 |       2 |   0.0 |    29
               +---------+---------+-------+---------+---------+-------+---------

Table legend:
 A = Turns spent in this place as a percentage of turns spent in the entire game.
 B = Non-inter-level travel turns spent in this place as a percentage of non-inter-level travel turns spent in the entire game.
 C = Inter-level travel turns spent in this place as a percentage of turns spent in this place.
 D = Turns resting spent in this place as a percentage of non-inter-level travel turns spent in this place.
 E = Turns spent auto-exploring this place as a percentage of non-inter-level travel turns spent in this place.
 F = Non-inter-level travel turns spent in this place divided by the number of levels of this place that you've seen.
                   A       B       C       D       E      F
               +-------+-------+-------+-------+-------+----------------------
         Total | 100.0 | 100.0 |   0.0 |  17.2 |   0.0 |  29.0
       Dungeon | 100.0 | 100.0 |   0.0 |  17.2 |   0.0 |  29.0
               +-------+-------+-------+-------+-------+----------------------

Table legend:
 A = Kills in this place as a percentage of kills in entire the game.
 B = Kills by you in this place as a percentage of kills by you in the entire game.
 C = Kills by friends in this place as a percentage of kills by friends in the entire game.
 D = Other kills in this place as a percentage of other kills in the entire game.
 E = Experience gained in this place as a percentage of experience gained in the entire game.
 F = Experience gained in this place divided by the number of levels of this place that you have seen.
                   A       B       C       D       E      F
               +-------+-------+-------+-------+-------+----------------------
         Total | 100.0 | 100.0 |   N/A |   N/A | 100.0 |   4.0
       Dungeon | 100.0 | 100.0 |   N/A |   N/A | 100.0 |   4.0
               +-------+-------+-------+-------+-------+----------------------

Vault maps used:
D:1:      dpeg_arrival_fog, minmay_misc_feat_five,
          hangedman_abyss_or_decor_lesser_grid, cheibriados_altar_1
